 Dungeon Crawl Stone Soup version 0.30-a0-722-g3e6e8c874d (webtiles) character file.

Game seed: 11539918054114995640

9436 Strat the Slicer (level 11, 0/97 HPs)
             Began as a Grey Draconian Reaver on Jan 27, 2023.
             Was an Initiate of Ashenzari.
             Succumbed to barbed spike wounds
             ... on level 10 of the Dungeon.
             The game lasted 00:27:06 (12027 turns).

Strat the Slicer (Grey Draconian Reaver)           Turns: 12027, Time: 00:27:06

Health: 0/97       AC: 16    Str: 21    XL:     11   Next: 23%
Magic:  14/14      EV: 20    Int: 13    God:    Ashenzari [......]
Gold:   1898       SH:  0    Dex: 12    Spells: 6/14 levels left

rFire   . . .      SeeInvis .    a - +2 short sword (elec)
rCold   . . .      Faith    .    (no shield)
rNeg    . . .      Spirit   .    (body armour unavailable)
rPois   .          Reflect  .    (helmet restricted)
rElec   .          Harm     .    (no cloak)
rCorr   .          Rampage  .    r - +0 pair of gloves
Will    +....                    v - +2 pair of boots "Enlightened Incredulity" {Evo, Bglg} (curse)
Stlth   +                        (no amulet)
HPRegen 0.36/turn                A - ring of Jemicvus {Will+ EV+5 Str+6 Dex-2}
MPRegen 0.14/turn                (no ring)

@: spiked
A: AC +12, amphibious, unfitting armour, cold-blooded
a: Renounce Religion, Curse Item, Shatter the Chains


You were on level 10 of the Dungeon.
You worshipped Ashenzari.
Ashenzari was noncommittal.
You visited 2 branches of the dungeon, and saw 11 of its levels.

You collected 1898 gold pieces.

Inventory:

Hand Weapons
 a - a +2 short sword of electrocution (weapon)
 b - a +2 short sword of venom
Missiles
 j - 25 poisoned darts
 q - 6 boomerangs of dispersal
Armour
 r - a +0 pair of gloves (worn)
 v - the cursed +2 pair of boots "Enlightened Incredulity" (worn) {Evo, Bglg}
   (You found it on level 7 of the Dungeon)

   It has a curse which improves the following skills: Evocations: Evocations.
   Beguiling: Conjurations, Hexes and Translocations.
 y - a +0 buckler
Jewellery
 h - a ring of ice
 s - a ring of fire
 A - the ring of Jemicvus (left hand) {Will+ EV+5 Str+6 Dex-2}
   (You acquired it on level 10 of the Dungeon)

   [ring of evasion]

   EV:        It affects your evasion (+5).
   Str:       It affects your strength (+6).
   Dex:       It affects your dexterity (-2).
   Will:      It increases your willpower.
Wands
 f - a wand of polymorph (8)
 n - a wand of digging (1)
 x - a wand of iceblast (5)
 C - a wand of paralysis (4)
Scrolls
 e - 2 scrolls of noise
 l - 7 scrolls of identify
 m - 2 scrolls of enchant weapon
 p - a scroll of fog
 t - a scroll of teleportation
Potions
 c - 6 potions of curing
 d - 2 potions of lignification
 k - a potion of might
 o - 3 potions of brilliance
 u - a potion of flight
 w - a potion of cancellation {unknown}
 z - a potion of attraction {unknown}
 B - a potion of ambrosia {unknown}


   Skills:
 + Level 9.1 Fighting
 + Level 12.9 Short Blades
 + Level 8.2 Dodging
 - Level 2.0 Spellcasting
 - Level 4.7(5.1) Conjurations


You had 6 spell levels left.
You knew the following spells:

 Your Spells              Type           Power      Damage    Failure   Level
a - Kiss of Death         Conj/Necr      32%        2d7       9%          1
b - Momentum Strike       Conj/Tloc      16%        3d8       13%         2
c - Hailstorm             Conj/Ice       8%         3d4       26%         3
d - Ensorcelled Hibernat  Hex/Ice        2%         N/A       36%         2

Your spell library contained the following spells:

 Spells                   Type           Power      Damage    Failure   Level
 Necrotise                Necr           4%         1d4       26%         1
 Dazzling Flash           Conj/Hex       16%        N/A       26%         3
 Passwall                 Tmut/Erth      0%         N/A       36%         2
 Gell's Gravitas          Tloc           1%         N/A       58%         3
 Swiftness                Air            1%         N/A       58%         3
 Teleport Other           Tloc           1%         N/A       58%         3
 Vampiric Draining        Necr           1%         2d6       58%         3
 Iskenderun's Mystic Bla  Conj/Tloc      8%         2d4       65%         4
 Agony                    Necr           1%         N/A       100%        5
 Silence                  Hex/Air        0%         N/A       100%        5
 Dispersal                Tloc           0%         N/A       100%        6
 Starburst                Conj/Fire      4%         6d3       100%        6


Dungeon Overview and Level Annotations

Branches:
Dungeon (10/15)            Temple (1/1) D:5            Lair (0/5) D:8
    Orc (0/2) D:10

Altars:
Ashenzari
Cheibriados
Dithmenos
Elyvilon
Fedhas
Gozag
Hepliaklqana
Kikubaaqudgha
Makhleb
Nemelex Xobeh
Okawaru
Qazlal
Ru
Sif Muna
Trog
Uskayaw
Vehumet
Wu Jian
Xom
Yredelemnul
Zin
The Shining One

Annotations:
D:10 Fannar


Innate Abilities, Weirdness & Mutations

Your dull iron-grey scales are very hard. (AC +12)
You are amphibious.
You cannot fit into any form of body armour.
You are cold-blooded and may be slowed by cold attacks.


Message History

You tail-slap the manticore, but do no damage.
The manticore is moderately wounded.
An orc knight comes into view. It is wielding a +0 great sword.
The manticore barely misses you. The manticore claws you.
* * * LOW HITPOINT WARNING * * *
The manticore claws you.
* * * LOW HITPOINT WARNING * * *
You hit the manticore.
The manticore is moderately wounded.
The manticore attacks as you move away! The manticore bites you!
* * * LOW HITPOINT WARNING * * *
The manticore claws you.
* * * LOW HITPOINT WARNING * * *
The manticore claws you but does no damage.
The orc knight roars a battlecry!
The manticore flicks its tail.
The volley of spikes misses you.
As you read the scroll of fear, it crumbles to dust.
You assume a fearsome visage.
The manticore looks frightened!
The orc knight resists with some effort.
Cornered, the manticore turns to fight!
The manticore flicks its tail.
The volley of spikes hits you!
The barbed spikes become lodged in your body.
* * * LOW HITPOINT WARNING * * *
The barbs in your skin will harm you if you move.
Continue? [Y]es or [N]o only, please.
The barbs in your skin will harm you if you move.
Continue?
The barbed spikes dig painfully into your body as you move.
* * * LOW HITPOINT WARNING * * *
Blink to where?
Press: ? - help, Dir - move target
As you read the scroll of blinking, it crumbles to dust.
The barbed spikes dig painfully into your body as you move.
* * * LOW HITPOINT WARNING * * *
Fannar shouts!
The barbed spikes dig painfully into your body as you move.
* * * LOW HITPOINT WARNING * * *
There is a stone staircase leading up, spattered with blood here.
The barbed spikes dig painfully into your body as you move.
You die...

#......#.## #......#..#
##.........#####
#####..........<...##
#..#.....e..........#
###..............#.#.##
#........#...###e###...
####.......?#....##.#####.
##.....##.@....#..##..####.
#..............##....###...
####).......###.##..#.#.....
.............>..............
##.......................##
#####..........ยง....######
##.####.......####.## #.
##.##...#######...##.###.
#.#..#..# #..#Hc#.##.


You could see Fannar.

Vanquished Creatures
  A two-headed ogre (D:8)
  Pikel (D:5)
  A deep elf pyromancer (D:9)
  A manticore (D:10)
  A cyclops (D:7)
  Joseph (D:10)
  2 komodo dragons (D:8)
  2 hornets
  Sigmund (D:1)
  A vampire (D:9)
  9 yaks
  2 wraiths (D:9)
  Eustachio (D:5)
  A wyvern (D:9)
  A steam dragon (D:8)
  2 water moccasins
  An acid dragon (D:8)
  Pargi (D:3)
  5 orc warriors
  A sky beast (D:7)
  A black bear (D:8)
  An ice beast (D:5)
  5 ogres
  A centaur (D:6)
  3 lemures (D:5)
  A necrophage (D:4)
  Blork the orc (D:5)
  2 kobold brigands (D:8)
  4 bullfrogs
  3 scorpions
  3 wights (D:7)
  4 killer bees (D:9)
  A gnoll bouda (D:9)
  6 orc priests
  2 jellies
  2 iguanas
  Terence (D:3)
  Jessica (D:2)
  11 orc wizards
  Natasha (thrice) (D:2)
  A hound skeleton (D:3)
  10 gnolls
  7 adders
  A shadow imp (D:6)
  2 white imps
  3 ufetubi
  2 adder zombies (D:3)
  2 worms
  3 dart slugs
  54 orcs
  4 endoplasms
  A giant cockroach (D:3)
  9 goblins
  7 hobgoblins
  5 jackals
  6 quokkas
  8 ball pythons
  2 ball python zombies (D:3)
  8 bats
  4 frilled lizards
  15 kobolds
  4 rats
250 creatures vanquished.

Vanquished Creatures (others)
  8 fungi (D:8)
  19 plants
  4 toadstools (D:1)
31 creatures vanquished.

Grand Total: 281 creatures vanquished

Notes
Turn   | Place    | Note
-------+----------+-------------------------------------------
     0 | D:1      | Strat the Draconian Reaver began the quest for the Orb.
     0 | D:1      | Reached XP level 1. HP: 17/17 MP: 3/3
   252 | D:1      | Reached XP level 2. HP: 15/24 MP: 5/5
   291 | D:1      | Learned a level 2 spell: Momentum Strike
  1226 | D:1      | Reached XP level 3. HP: 15/29 MP: 1/6
  1323 | D:2      | Noticed Sigmund
  1323 | D:2      | Found a stormy altar of Qazlal.
  1363 | D:2      | Reached skill level 4 in Short Blades
  1575 | D:1      | Killed Sigmund
  1576 | D:1      | Reached skill level 5 in Short Blades
  1576 | D:1      | Reached XP level 4. HP: 17/38 MP: 2/7
  1576 | D:1      | Reached XP level 5. HP: 20/45 MP: 2/8
  1710 | D:2      | Noticed Jessica
  1734 | D:2      | Killed Jessica
  1953 | D:2      | Noticed Natasha
  1955 | D:2      | Killed Natasha
  1956 | D:2      | Reached XP level 6. HP: 51/51 MP: 9/9
  2199 | D:2      | Noticed Natasha
  2210 | D:2      | Killed Natasha
  2222 | D:2      | Noticed Natasha
  2228 | D:2      | Killed Natasha
  2309 | D:2      | Reached skill level 6 in Short Blades
  2444 | D:3      | Noticed a water moccasin
  2462 | D:3      | Killed a water moccasin
  2473 | D:3      | Noticed Terence
  2491 | D:3      | Killed Terence
  2695 | D:3      | Identified a scroll of acquirement
  2695 | D:3      | Acquired 1133 gold pieces
  2841 | D:3      | Your scales start taking on a dull iron-grey colour.
  2841 | D:3      | Reached XP level 7. HP: 59/59 MP: 10/10
  2892 | D:3      | Reached skill level 7 in Short Blades
  2958 | D:3      | Noticed Pargi
  2964 | D:3      | Killed Pargi
  2990 | D:3      | Found a glowing silver altar of Zin.
  3041 | D:3      | You fall into a shaft and drop 2 floors!
  3041 | D:5      | Entered Level 5 of the Dungeon
  3076 | D:5      | Reached skill level 8 in Short Blades
  3182 | D:5      | Noticed Pikel
  3196 | D:5      | Killed Pikel
  3197 | D:5      | Reached skill level 5 in Fighting
  3197 | D:5      | Reached XP level 8. HP: 63/68 MP: 8/11
  3211 | D:5      | Noticed Eustachio
  3241 | D:5      | Killed Eustachio
  3242 | D:5      | Reached skill level 9 in Short Blades
  4397 | D:4      | Found a radiant altar of Vehumet.
  4998 | D:5      | Reached skill level 5 in Dodging
  5053 | D:5      | Noticed Blork the orc
  5072 | D:5      | Found a staircase to the Ecumenical Temple.
  5087 | D:5      | Reached XP level 9. HP: 68/74 MP: 12/12
  5089 | D:5      | Killed Blork the orc
  5090 | D:5      | Reached skill level 10 in Short Blades
  5135 | Temple   | Entered the Ecumenical Temple
  5193 | Temple   | Became a worshipper of Ashenzari the Shackled
  5949 | D:6      | Reached skill level 11 in Short Blades
  6227 | D:6      | Learned a level 3 spell: Hailstorm
  6230 | D:6      | Learned a level 2 spell: Ensorcelled Hibernation
  6620 | D:7      | Identified the +5 dagger "Taqot" {antimagic, *Slow Str+5
                  | Int+2}
  7318 | D:7      | Noticed a cyclops
  7352 | D:7      | Killed a cyclops
  7559 | D:7      | Reached XP level 10. HP: 81/84 MP: 8/13
  7852 | D:8      | Paralysed by a hornet for 2 turns
  7858 | D:8      | Paralysed by a hornet for 1 turns
  8527 | D:8      | Noticed a two-headed ogre
  9005 | D:8      | Killed a two-headed ogre
  9006 | D:8      | Reached skill level 12 in Short Blades
  9161 | D:8      | Found a glowing golden altar of the Shining One.
  9166 | D:8      | Found a bloodstained altar of Trog.
  9169 | D:8      | Found a hide-covered altar of Uskayaw.
  9174 | D:8      | Found a shadowy altar of Dithmenos.
  9180 | D:8      | Found a basalt altar of Yredelemnul.
  9609 | D:8      | Found a staircase to the Lair.
 10512 | D:9      | Found a shimmering altar of Xom.
 10514 | D:9      | Found a shimmering altar of Xom.
 10514 | D:9      | Found a shimmering altar of Xom.
 10514 | D:9      | Found a shimmering altar of Xom.
 10514 | D:9      | Found a shimmering altar of Xom.
 10515 | D:9      | Found a shimmering altar of Xom.
 10782 | D:9      | Reached XP level 11. HP: 87/95 MP: 14/14
 10943 | D:9      | Noticed a deep elf pyromancer
 10946 | D:9      | Killed a deep elf pyromancer
 11010 | D:9      | Found a burning altar of Makhleb.
 11010 | D:9      | Noticed a cacodemon
 11269 | D:10     | Entered Level 10 of the Dungeon
 11405 | D:10     | Found a staircase to the Orcish Mines.
 11466 | D:10     | Acquired the ring of Jemicvus {Will+ EV+5 Str+6 Dex-2}
 11558 | D:10     | Noticed Fannar
 11804 | D:10     | Noticed Joseph
 11926 | D:10     | Killed Joseph
 12012 | D:10     | Noticed an orc knight
 12025 | D:10     | HP: 3/97 [barbs]
 12027 | D:10     | Succumbed to barbed spike wounds

Illustrated notes

Levels and vault maps discovered:
D:1:      ldierk_walled_garden_2, layout_loops_corners, minmay_hexomino_u4
D:2:      kb_forest_paths, layout_basic, basic_altar, chequers_mini_garden,
          uniq_sigmund, uniq_natasha, uniq_jessica
D:3:      layout_basic, overflow_temple_1_default, serial_undead,
          serial_undead_d, serial_undead_d, serial_undead_c, serial_undead_a,
          grunt_decor_mini_mirrors, uniq_terence, uniq_pargi
D:4:      layout_cave_pods, kennysheep_little_box
D:5:      layout_basic, minmay_temple_entry_antechambers, serial_bayou_pond_d,
          amcnicky_mini_pool_small, uniq_pikel, uniq_blork_the_orc,
          uniq_eustachio
D:6:      layout_cave_pools, nrook_mini_backslash, corexii_hall_statues_l,
          serial_bayou_pond_c, nicolae_benzene_ring
D:7:      layout_loops_ring
D:8:      layout_layer_cave, nicolae_overflow_hallway_of_the_gods,
          grunt_lair_entry_orc_guard_hut
D:9:      layout_stronghold, makhleb_altar_promises_db, xom_redecorated,
          minmay_misc_feat_alley, guppyfry_early_elven_hall
D:10:     minmay_ornate_pinched, layout_cave_pools, hiddenorc1_lemuel,
          minmay_orc_keep, uniq_joseph, uniq_fannar
Temple:   cyrus_circular_temple

Skill      XL: |  1  2  3  4  5  6  7  8  9 10 11 |
---------------+----------------------------------+-----
Short Blades   | 5 6 8 9 11 12 | 12.9
Conjurations   | 4 |  4.7
Fighting       | 3 4 5 6 8 9 |  9.1
Dodging        | 3 5 6 7 8 |  8.2
Spellcasting   | |  2.0

Action                     |  1- 3 |  4- 6 |  7- 9 | 10-12 || total
---------------------------+-------+-------+-------+-------++-------
  Melee: Short sword       |   121 |   108 |   522 |   404 ||  1155
         Tailslap          |    14 |    16 |    76 |    56 ||   162
         Punch             |     2 |     2 |     6 |     5 ||    15
   Fire: Sling             |       |    26 |       |       ||    26
   Cast: Momentum Strike   |     6 |    10 |    19 |     9 ||    44
         Kiss of Death     |     1 |       |     2 |     2 ||     5
         Ensorcelled Hiber |       |       |       |     1 ||     1
 Invoke: Curse Item        |       |       |     1 |       ||     1
  Evoke: Wand              |       |       |       |     7 ||     7
    Use: Scroll            |       |     7 |    12 |     6 ||    25
         Potion            |       |     2 |       |     2 ||     4
   Stab: Sleeping          |       |       |     1 |       ||     1
 Armour: Skin              |    19 |    31 |   131 |   121 ||   302
  Dodge: Dodged            |    84 |    59 |   294 |   223 ||   660

Table legend: (Time is in decaauts)
 A = Elapsed time spent in this place.
 B = Non-inter-level travel time spent in this place.
 C = Inter-level travel time spent in this place.
 D = Time resting spent in this place.
 E = Time spent auto-exploring this place.
 F = Levels seen in this place.
 G = Mean time per level.
                   A        B        C        D        E       F      G
               +--------+--------+--------+--------+--------+-----+--------+
         Total |  11570 |  10938 |    632 |   1944 |   6624 |  11 | 1051.8 |
       Dungeon |  11500 |  10888 |    612 |   1944 |   6624 |  10 | 1150.0 |
        Temple |     69 |     49 |     20 |      0 |      0 |   1 |   69.0 |
               +--------+--------+--------+--------+--------+-----+--------+

Top non-repeatable levels by time:
     D:8: 2110 daAuts
     D:9: 1495 daAuts
     D:1: 1493 daAuts
     D:6: 1139 daAuts
     D:5: 1014 daAuts
     D:4: 979 daAuts
     D:7: 976 daAuts
     D:3: 963 daAuts
     D:2: 829 daAuts
    D:10: 498 daAuts
  Temple: 69 daAuts
